 Dungeon Crawl Stone Soup version 0.22-a0-368-g870eee8 (webtiles) character file.

4803 Gremour the Covert (level 10, -2/63 HPs)
             Began as a Vampire Necromancer on Apr 23, 2018.
             Was an Elder of Kikubaaqudgha.
             Shot with an arrow by a centaur (9 damage)
             ... on level 9 of the Dungeon.
             The game lasted 01:50:27 (10714 turns).

Gremour the Covert (Vampire Necromancer)           Turns: 10714, Time: 01:50:30

Health: -2/63      AC: 15    Str:  8    XL:     10   Next: 24%
Magic:  7/21       EV: 14    Int: 21    God:    Kikubaaqudgha [****..]
Gold:   498        SH:  5    Dex: 14    Spells: 3/24 levels left

rFire    . . .     SeeInvis +   a - +4 dagger (protect)
rCold    + . .     Gourm    .   (no shield)
rNeg     + + .     Faith    .   v - +0 troll leather armour
rPois    +         Spirit   .   m - +0 helmet
rElec    .         Reflect  +   h - +0 cloak
rCorr    .         Harm     .   l - +1 pair of gloves
MR       +....                  (no boots)
Stlth    +++++.....             t - +5 amulet of reflection
HPRegen  0.80/turn              g - ring of wizardry
MPRegen  0.17/turn              (no ring)

@: protection aura, regenerating
A: fangs 3, see invisible, unbreathing
a: Bat Form, Receive Corpses, Renounce Religion


You were on level 9 of the Dungeon.
You worshipped Kikubaaqudgha.
Kikubaaqudgha was greatly pleased with you.
You were thirsty.

You visited 2 branches of the dungeon, and saw 11 of its levels.
You also visited: Ossuary.

You collected 498 gold pieces.

Inventory:

Hand Weapons
 a - a +4 dagger of protection (weapon)
 k - a +0 short sword of electrocution
 z - a +3 scimitar
Missiles
 u - 188 stones (quivered)
Armour
 d - a +0 buckler
 h - a +0 cloak (worn)
 l - a +1 pair of gloves (worn)
 m - a +0 helmet (worn)
 v - a +0 troll leather armour (worn)
Jewellery
 g - a ring of wizardry (left hand)
 t - a +5 amulet of reflection (around neck)
Wands
 n - a wand of random effects (27)
 p - a wand of polymorph (20)
 x - a wand of disintegration (30)
Scrolls
 b - 5 scrolls of remove curse
 e - 2 scrolls of enchant armour
 f - a scroll of enchant weapon
 i - 7 scrolls of identify
 j - 5 scrolls of amnesia
 w - a scroll of teleportation
 y - a scroll of fog
Potions
 c - a potion of agility
 o - a potion of might
 q - 5 potions of blood
 s - 5 potions of brilliance
 A - 8 potions of flight
 B - a potion of heal wounds


   Skills:
 + Level 5.0 Short Blades
 + Level 5.0 Dodging
 * Level 9.4 Stealth
 + Level 7.8 Spellcasting
 * Level 0.4 Conjurations
 * Level 2.0 Hexes
 + Level 5.0 Charms
 * Level 2.1 Summonings
 + Level 9.2 Necromancy


You had 3 spell levels left.
You knew the following spells:

 Your Spells              Type           Power        Failure   Level  Hunger
b - Sublimation of Blood  Necr           #####.....   1%          2    None
c - Mephitic Cloud        Conj/Pois/Air  #.......     13%         3    None
d - Animate Dead          Necr           N/A          1%          4    ###....
g - Summon Guardian Gole  Hex/Summ       ###.....     6%          3    None
i - Call Imp              Summ           ###.....     3%          2    None
k - Animate Skeleton      Necr           N/A          1%          1    None
r - Regeneration          Chrm/Necr      #####.....   1%          3    None
w - Slow                  Hex            ###.....     3%          2    None
z - Pain                  Necr           ####         1%          1    None


Dungeon Overview and Level Annotations

Branches:
Dungeon (10/15)            Temple (1/1) D:5             Orc (0/2) D:9
   Lair: D:8-11

Altars:
Ashenzari
Cheibriados
Dithmenos
Elyvilon
Fedhas
Gozag
Hepliaklqana
Kikubaaqudgha
Makhleb
Nemelex Xobeh
Okawaru
Qazlal
Ru
Sif Muna
Trog
Uskayaw
Vehumet
Wu Jian
Xom
Yredelemnul
Zin
The Shining One

Shops:
D:4 *

Annotations:
D:3 magipi's ghost, amateur MiSk


Innate Abilities, Weirdness & Mutations

You heal slowly.
You have razor-sharp teeth.
You have supernaturally acute eyesight. (SInv)
You can survive without breathing.


Message History

Press: ? - help, Shift-Dir - straight line, f/p - centaur
Aim: a centaur, wielding a shortbow (severely wounded, chance to defeat MR: 84%)
The centaur barely resists.
The centaur shoots an arrow.
The arrow barely misses you.
The arrow hits the troll zombie!
You block the troll zombie's attack. The troll zombie claws you.
The troll zombie closely misses you.
Casting: Pain (safe; 1% risk of failure)
Confirm with . or Enter, or press ? or * to list all spells.
Aiming: Pain (safe; 1% risk of failure)
Press: ? - help, Shift-Dir - straight line, f/p - centaur
Aim: a centaur, wielding a shortbow (severely wounded, chance to defeat MR: 84%)
The centaur writhes in agony!
The centaur shoots an arrow.
The arrow hits you but does no damage. The troll zombie bites you.
* * * LOW HITPOINT WARNING * * *
The troll zombie claws you!
* * * LOW HITPOINT WARNING * * *
The troll zombie barely misses you.
The centaur shoots an arrow.
The arrow hits you!
You die...
Kikubaaqudgha rasps: "You have failed me!
Welcome... oblivion!"

......#..# .......
#....#..###...W...
#...../..Fyo...)#
##...(.####.....#
...#..(...#
.....#. .#
#..)c§§##.......
#..#Z§###.....#.
#.#.#§5##.....#
#.####@##.....# #.
#Z##.....# #
#........#
##..(.....#
#..(.<....#
##..####### ####


You could see a centaur, 2 troll zombies and a friendly crimson imp.

Vanquished Creatures
  A two-headed ogre (D:8)
  Pikel (D:7)
  A cyclops (D:8)
  A hippogriff (D:8)
  A hungry ghost (D:9)
  Menkaure (Ossuary)
  An orc warrior (D:8)
  A sky beast (D:8)
  A necrophage (D:8)
  3 centaurs
  2 big kobolds
  Blork the orc (D:6)
  8 bullfrogs
  2 scorpions
  4 centaur zombies
  2 crimson imps
  3 hounds
  4 orc priests
  A centaur skeleton (D:6)
  6 orc wizards
  2 jellies
  Crazy Yiuf (D:7)
  Ijyb (D:5)
  3 iguanas
  Natasha (thrice) (D:3)
  9 worker ants
  5 ogre zombies
  6 mummies (Ossuary)
  A hound skeleton (D:9)
  Robin (D:2)
  5 adders
  4 gnolls
  A river rat (D:6)
  A shadow imp (D:7)
  2 oozes
  2 adder skeletons
  7 adder zombies (Ossuary)
  3 worms (D:6)
  2 dart slugs
  7 leopard geckos
  9 orcs
  3 ball pythons
  6 giant cockroaches
  19 goblins
  11 hobgoblins
  14 kobolds
  4 quokkas
  11 bats
  5 frilled lizards
  A goblin skeleton (D:9)
  A goblin zombie (Ossuary)
  A hobgoblin skeleton (D:9)
  4 hobgoblin zombies
  4 kobold zombies (Ossuary)
  A leopard gecko skeleton (D:5)
  7 orc zombies (D:9)
  5 quokka zombies (Ossuary)
  7 rats
  5 rat zombies (Ossuary)
229 creatures vanquished.

Vanquished Creatures (collateral kills)
  A hungry ghost (D:9)
  A phantom (D:5)
  A crimson imp (D:5)
  A hound (D:4)
  2 orc wizards
  6 orcs
  2 goblins
  A bat (D:3)
  A goblin skeleton (D:9)
  A goblin zombie (D:9)
  4 kobolds
  An orc skeleton (D:9)
  4 orc zombies (D:9)
  A quokka skeleton (D:8)
  A rat (D:3)
28 creatures vanquished.

Vanquished Creatures (others)
  A hornet (D:9)
  A gnoll shaman (D:7)
  A kobold (D:9)
3 creatures vanquished.

Grand Total: 260 creatures vanquished

Notes
Turn   | Place    | Note
-------+----------+-------------------------------------------
     0 | D:1      | Gremour the Vampire Necromancer began the quest for the Orb.
     0 | D:1      | Reached XP level 1. HP: 13/13 MP: 3/3
   142 | D:1      | Reached XP level 2. HP: 15/19 MP: 1/5
   442 | D:1      | Reached skill level 5 in Necromancy
   497 | D:1      | Learned a level 1 spell: Animate Skeleton
   943 | D:1      | Reached XP level 3. HP: 23/24 MP: 3/6
  1348 | D:1      | Learned a level 3 spell: Regeneration
  1798 | D:2      | Reached XP level 4. HP: 22/30 MP: 2/8
  1883 | D:2      | Found a faded altar of an unknown god.
  1911 | D:2      | Noticed Robin
  2159 | D:2      | Killed Robin
  2297 | D:3      | Noticed magipi's ghost (amateur MiSk)
  2671 | D:3      | Learned a level 4 spell: Animate Dead
  2736 | D:3      | Noticed Natasha
  2748 | D:3      | Killed Natasha
  2748 | D:3      | Reached XP level 5. HP: 13/35 MP: 0/9
  2909 | D:3      | Noticed Natasha
  2912 | D:3      | Killed Natasha
  2934 | D:3      | Noticed Natasha
  2939 | D:3      | Killed Natasha
  2939 | D:3      | Reached skill level 1 in Charms
  3292 | D:3      | You fall through a shaft for 2 floors!
  3292 | D:5      | Entered Level 5 of the Dungeon
  3405 | D:5      | Reached XP level 6. HP: 40/41 MP: 5/11
  3902 | D:5      | Reached skill level 5 in Stealth
  3902 | D:5      | Reached XP level 7. HP: 32/46 MP: 7/14
  3940 | D:5      | Found a staircase to the Ecumenical Temple.
  4034 | Temple   | Entered the Ecumenical Temple
  4140 | Temple   | Became a worshipper of Kikubaaqudgha
  4313 | D:5      | Noticed Ijyb
  4320 | D:5      | Killed Ijyb
  4614 | D:5      | Reached skill level 5 in Spellcasting
  4883 | D:6      | HP: 2/46 [centaur zombie (4)]
  5527 | D:4      | Found Lorphipudest's Luxury Loot.
  5692 | D:4      | Reached XP level 8. HP: 40/52 MP: 12/16
  6146 | D:4      | Found a burning altar of Makhleb.
  6430 | D:6      | Noticed Blork the orc
  6440 | D:6      | Killed Blork the orc
  6569 | D:6      | Found a snail-covered altar of Cheibriados.
  6569 | D:6      | Found a shadowy altar of Dithmenos.
  6750 | D:6      | Found a deep blue altar of Sif Muna.
  7071 | D:7      | Reached skill level 1 in Short Blades
  7132 | D:7      | Reached * piety under Kikubaaqudgha
  7132 | D:7      | Identified Kikubaaqudgha's Catalogue of Evil Arts (Kikubaaqudgha gifted it to you on level 7 of the Dungeon)
  7132 | D:7      | Received a gift from Kikubaaqudgha
  7223 | D:7      | Noticed Pikel
  7319 | D:7      | Learned a level 2 spell: Sublimation of Blood
  7404 | D:7      | Found a sand-covered staircase.
  7409 | Ossuary  | Entered an ossuary
  7568 | Ossuary  | Noticed Menkaure
  7879 | Ossuary  | Reached ** piety under Kikubaaqudgha
  8012 | Ossuary  | Killed Menkaure
  8209 | D:7      | Killed Pikel
  8209 | D:7      | Reached XP level 9. HP: 35/57 MP: 0/18
  8251 | D:7      | Found a basalt altar of Yredelemnul.
  8251 | D:7      | Found a bloodstained altar of Trog.
  8293 | D:7      | Found an iron altar of Okawaru.
  8319 | D:7      | You fall through a shaft for 3 floors!
  8319 | D:10     | Entered Level 10 of the Dungeon
  8349 | D:8      | Learned a level 2 spell: Call Imp
  8350 | D:8      | Found an iron altar of Okawaru.
  8370 | D:8      | HP: 2/57 [hippogriff (7)]
  8420 | D:8      | Noticed a two-headed ogre
  8690 | D:7      | Found a runed door.
  8695 | D:7      | Noticed Crazy Yiuf
  8703 | D:7      | Killed Crazy Yiuf
  9522 | D:8      | Killed a two-headed ogre
  9522 | D:8      | Reached skill level 1 in Summonings
  9709 | D:8      | Learned a level 2 spell: Slow
  9755 | D:8      | Learned a level 3 spell: Summon Guardian Golem
  9776 | D:8      | Reached *** piety under Kikubaaqudgha
  9776 | D:8      | Identified Kikubaaqudgha's Tome of Black Magic (Kikubaaqudgha gifted it to you on level 8 of the Dungeon)
  9776 | D:8      | Received a gift from Kikubaaqudgha
  9776 | D:8      | Reached skill level 5 in Charms
 10067 | D:9      | Reached XP level 10. HP: 23/63 MP: 1/21
 10137 | D:9      | Reached skill level 1 in Hexes
 10182 | D:9      | Noticed a two-headed ogre
 10193 | D:9      | Noticed a cyclops
 10196 | D:9      | Found Tynnubru's Weapon Emporium.
 10253 | D:9      | Learned a level 3 spell: Mephitic Cloud
 10548 | D:8      | Reached **** piety under Kikubaaqudgha
 10671 | D:8      | Killed a cyclops
 10671 | D:8      | Reached skill level 5 in Short Blades
 10671 | D:8      | Reached skill level 5 in Dodging
 10686 | D:9      | Found a staircase to the Orcish Mines.
 10714 | D:9      | Shot with an arrow by a centaur

Vault maps used:
D:1:      minmay_arrival_cross, minmay_heptomino_o4
D:2:      chequers_ecumenical_altar_simple, minmay_misc_feat_chi, uniq_robin
D:3:      first_ration, uniq_natasha
D:4:      nicolae_alphabet_shops, makhleb_heckhound_becter
D:5:      minmay_temple_entry_grid, serial_park_tiny_pond, uniq_ijyb
D:6:      amethyst_overflow_temple_binary, gup_sewer_entry_bubbles,
          lemuel_blue_sif_altar, uniq_blork_the_orc
D:7:      gammafunk_temple_overflow_elements, enter_ossuary_2, enter_bailey_3,
          okawaru_trees_2, uniq_pikel, uniq_crazy_yiuf_cottage
D:8:      basic_altar
D:9:      lair_entry_dummy, zombieorc1_lemuel, serial_shops,
          nicolae_shop_crystal
D:10:     uniq_josephine, uniq_fannar
Temple:   dpeg_five_rooms_temple
Ossuary:  ossuary_boxes_badplayer

Skill      XL: |  1  2  3  4  5  6  7  8  9 10 |
---------------+-------------------------------+-----
Necromancy     | 5 6 7 8 9 |  9.2
Stealth        | 4 5 8 9 |  9.4
Spellcasting   | 3 4 5 6 7 |  7.8
Charms         | 1 2 4 5 |  5.0
Short Blades   | 3 4 5 |  5.0
Dodging        | 3 4 5 |  5.0
Summonings     | 1 2 |  2.1
Hexes          | 2 |  2.0
Conjurations   | |  0.4

Action                   |  1- 3 |  4- 6 |  7- 9 | 10-12 || total
-------------------------+-------+-------+-------+-------++-------
Melee: Unarmed           |    40 |     5 |     4 |       ||    49
       Bite              |       |     8 |    42 |     6 ||    56
       Falchion          |       |    74 |   157 |       ||   231
       Dagger            |       |       |   379 |    93 ||   472
 Cast: Pain              |    67 |    98 |   229 |    52 ||   446
       Animate Skeleton  |     5 |     3 |     7 |       ||    15
       Regeneration      |     2 |    12 |    48 |    10 ||    72
       Animate Dead      |       |     6 |    16 |     1 ||    23
       Call Imp          |       |       |     8 |     7 ||    15
       Summon Guardian G |       |       |     3 |     4 ||     7
       Sublimation of Bl |       |       |     2 |    13 ||    15
       Slow              |       |       |       |    10 ||    10
       Mephitic Cloud    |       |       |       |     2 ||     2
Invok: Receive Corpses   |       |       |     1 |       ||     1
 Abil: End Transformatio |     1 |     1 |     3 |       ||     5
       Bat Form          |     1 |     1 |     3 |       ||     5
Evoke: Wand              |       |       |     2 |       ||     2
  Use: Potion            |       |    13 |    29 |     1 ||    43
       Scroll            |       |     2 |    19 |     1 ||    22
 Stab: Sleeping          |     2 |     2 |    29 |       ||    33
       Distracted        |       |     1 |     1 |     1 ||     3
       Invisible         |       |       |     1 |       ||     1
Armor: Robe              |     5 |       |       |       ||     5
       Leather armour    |     2 |     3 |       |       ||     5
       Troll leather arm |       |    30 |   224 |    61 ||   315
Dodge: Dodged            |    41 |    76 |   403 |    83 ||   603
Block: Other             |       |       |    46 |    25 ||    71
       Reflection        |       |       |     1 |     2 ||     3
       Rpst.: Falchion   |       |    14 |    44 |       ||    58

Table legend:
 A = Spawn XP
 B = Non-spawn XP
 C = Spawn XP percentage of total XP
 D = Spawn monster count
 E = Non-spawn monster count
 F = Spawn count percentage of total count
 G = Total turns spent on level
                    A         B        C        D         E        F      G
               +---------+---------+-------+---------+---------+-------+---------
         Total |       0 |    6862 |   0.0 |       0 |     260 |   0.0 | 10714
               +---------+---------+-------+---------+---------+-------+---------
           D:1 |       0 |      66 |   0.0 |       0 |      37 |   0.0 |  1645
           D:2 |       0 |      73 |   0.0 |       0 |      19 |   0.0 |   813
           D:3 |       0 |     172 |   0.0 |       0 |      20 |   0.0 |   979
           D:4 |       0 |     314 |   0.0 |       0 |      17 |   0.0 |  1052
           D:5 |       0 |     839 |   0.0 |       0 |      24 |   0.0 |  1615
           D:6 |       0 |     296 |   0.0 |       0 |      14 |   0.0 |   791
           D:7 |       0 |    1089 |   0.0 |       0 |      19 |   0.0 |  1151
           D:8 |       0 |    2614 |   0.0 |       0 |      35 |   0.0 |  1339
           D:9 |       0 |     864 |   0.0 |       0 |      38 |   0.0 |   446
       Ossuary |       0 |     535 |   0.0 |       0 |      37 |   0.0 |   700
               +---------+---------+-------+---------+---------+-------+---------
